Staline vs Tamiflu
(R1)
Created - 1 mai 2013 at 23:29
Goals
|
| Staline |
0 |
0 |
4 |
0 |
1 |
5 |
| Tamiflu |
0 |
4 |
0 |
0 |
0 |
4 |
|
Shots
|
| Staline |
11 |
7 |
15 |
2 |
3 |
35 |
| Tamiflu |
12 |
17 |
7 |
1 |
3 |
37 |
|
1st period
No Goal
Penalties :
Matt Carle (StJ) for Hooking (Minor) at 16:50
2nd period
1. Tamiflu , Carson Mcmillan 3 (Radek Bonk) at 3:46
2. Tamiflu , Colin Greening 3 (Kyle Lawson, Carson Mcmillan) at 8:16
3. Tamiflu , Colin Greening 4 (Carson Mcmillan) at 11:46
4. Tamiflu , Jani Rita 34 (Nathan Oystrick) at 17:35
Penalties :
Mike Brown (Det) for Roughing (Minor) at 0:11, T.J. Fast (StJ) for High sticking (Minor) at 0:11, Alexandre Daigle (StJ) for Tripping (Minor) at 5:56, J.T. Wyman (StJ) for Holding (Minor) at 9:34, J.T. Wyman (StJ) for Tripping (Minor) at 18:50
3rd period
5. Staline , Robert Dome 34 (Devin Setoguchi, Nathan Smith) at 6:24 (PP)
6. Staline , Chris Dingman 44 (Alexandre Daigle, Mark Stuart) at 14:13
7. Staline , Robert Dome 35 (Devin Setoguchi) at 14:26
8. Staline , Alexandre Daigle 39 (Yan Stastny, Greg Zanon) at 19:05
Penalties :
Jani Rita (Det) for Hooking (Minor) at 6:14, Chris Dingman (StJ) for Boarding (Minor) at 6:34, Eric Hunter (StJ) for Interference (Minor) at 11:49, Freddy Meyer (Det) for Roughing (Minor) at 15:49
Overtime #1
No Goal
Penalties :
Cam Janssen (StJ) for Holding (Minor) at 2:23
Shootout
Penalty Shot by Chris Dingman for Staline - Shot Misses the Net
Penalty Shot by Radek Bonk for Tamiflu - Stopped by Erik Ersberg
Penalty Shot by Alexandre Daigle for Staline - Goal!
Penalty Shot by Jan Mursak for Tamiflu - Stopped by Erik Ersberg
Penalty Shot by Robert Dome for Staline - Stopped by Corey Crawford
Penalty Shot by Jani Rita for Tamiflu - Stopped by Erik Ersberg
Penalties :
No Penalty
Goalie Stats
Erik Ersberg (StJ), 33 saves from 37 shots - (0,892), W, 38-20-3, 64:56 minutes
Corey Crawford (Det), 31 saves from 35 shots - (0,886), OTL, 18-20-4, 65:00 minutes
Players Stats for Staline
Player Name G A P +/- PIM S H SB GA TA FO MP PP MP PK MP
------------------------------------------------------------------------------------
Alexandre Daigle 1 1 2 1 2 6 4 1 2 0 0/1 24:31 1:01 5:20
Brandon Prust 0 0 0 0 0 1 2 0 2 0 0/1 10:43 0:04 3:00
Brock Trotter 0 0 0 0 0 0 0 0 0 0 0/0 0:29 0:00 0:29
Cam Janssen 0 0 0 -2 2 2 3 0 1 1 1/2 13:23 0:04 2:56
Chris Dingman 1 0 1 1 2 4 1 0 2 1 7/11 24:36 1:01 5:53
Devin Setoguchi 0 2 2 0 0 1 1 0 0 0 1/1 12:25 1:04 0:00
Eric Hunter 0 0 0 1 2 0 0 0 0 0 1/4 6:56 0:00 0:00
Greg Zanon 0 1 1 1 0 4 0 1 0 1 0/0 29:00 1:10 7:18
J.T. Wyman 0 0 0 0 4 1 0 0 0 0 0/0 7:06 0:00 0:00
Jean-François Jacques 0 0 0 0 0 0 0 0 0 0 0/0 0:00 0:00 0:00
Josh Green 0 0 0 -2 0 3 2 0 0 1 1/1 11:11 0:04 0:00
Mark Stuart 0 1 1 1 0 3 1 2 0 1 0/0 29:26 1:10 7:44
Matt Carle 0 0 0 -1 2 4 0 3 0 2 0/0 20:08 0:59 5:08
Matt Generous 0 0 0 -2 0 0 0 2 0 1 0/0 11:50 0:00 1:04
Maxime Fortunus 0 0 0 -2 0 0 0 2 0 0 0/0 11:32 0:00 0:00
Mike Sauer 0 0 0 1 0 0 0 0 0 0 0/0 4:21 0:00 0:23
Nathan Smith 0 1 1 0 0 0 0 0 0 0 7/17 14:34 1:04 2:08
Nick Palmieri 0 0 0 0 0 0 0 0 0 0 0/0 0:00 0:00 0:00
Raymond Sawada 0 0 0 0 0 0 0 0 0 0 0/0 0:00 0:00 0:00
Robby Dee 0 0 0 0 0 0 0 0 0 0 0/0 0:20 0:00 0:07
Robert Dome 2 0 2 0 0 4 1 0 1 0 4/5 17:18 1:04 2:57
Simon Danis-Pepin 0 0 0 1 0 0 0 0 0 0 0/0 3:58 0:00 0:00
T.J. Fast 0 0 0 -1 2 2 1 3 1 0 0/0 20:54 0:59 6:09
Tomas Kana 0 0 0 -2 0 0 0 0 0 0 3/6 9:50 0:00 0:00
Yan Stastny 0 1 1 0 0 0 2 0 0 2 13/20 19:29 1:01 2:57
Players Stats for Tamiflu
Player Name G A P +/- PIM S H SB GA TA FO MP PP MP PK MP
------------------------------------------------------------------------------------
Carson Mcmillan 1 2 3 1 0 2 1 0 1 0 0/0 9:52 0:01 0:34
Colin Greening 2 0 2 1 0 3 0 0 3 0 6/10 11:21 0:00 0:35
David Clarkson 0 0 0 -1 0 1 3 0 0 0 1/1 10:38 0:01 0:00
Freddy Meyer 0 0 0 -2 2 1 1 0 0 2 0/0 23:24 4:52 0:00
Greg Mauldin 0 0 0 -1 0 1 1 1 1 1 4/8 18:09 5:43 0:03
Jan Mursak 0 0 0 -1 0 0 0 0 0 0 0/0 9:56 0:00 0:20
Jani Rita 1 0 1 1 2 4 5 0 0 0 1/2 24:28 6:11 0:57
Jonathan Sigalet 0 0 0 0 0 3 3 3 0 1 0/0 29:11 7:02 0:50
Jordan Hendry 0 0 0 -2 0 2 2 2 1 1 0/0 23:59 4:52 0:50
Kyle Lawson 0 1 1 3 0 0 1 0 0 0 0/0 11:38 0:00 0:17
Mike Brown 0 0 0 1 2 3 0 0 0 1 0/2 19:36 6:10 0:00
Nate Thompson 0 0 0 1 0 1 2 0 0 0 15/37 24:25 6:10 1:06
Nathan Oystrick 0 1 1 3 0 3 0 2 0 1 0/0 12:24 0:00 1:03
Nick Spaling 0 0 0 0 0 3 1 0 0 0 0/0 17:05 5:43 0:00
Pavel Trnka 0 0 0 0 0 4 4 2 2 1 0/0 29:39 7:02 1:18
Petr Pohl 0 0 0 0 0 2 4 0 0 1 0/0 18:38 5:43 0:00
Radek Bonk 0 1 1 0 0 3 2 0 2 0 4/9 11:07 0:00 0:00
Rich Clune 0 0 0 1 0 1 1 0 0 0 0/0 10:19 0:00 0:43
3 Stars
1 - Carson Mcmillan (Det)
2 - Colin Greening (Det)
3 - Robert Dome (StJ)
Power Play
Staline - 1 on 2 Attempt(s) - 50,00%
Tamiflu - 0 on 7 Attempt(s) - 0,00%
Penalty Kill
Staline - 7 on 7 Attempt(s) - 100,00%
- Score 0 goal in Penalty Kill
Tamiflu - 1 on 2 Attempt(s) - 50,00%
- Score 0 goal in Penalty Kill
Official
Referees : Pochmara Brian and Peel Tim
Linesman : Darren Gibbs and Shane Heyer
Game Notes
No Game Note
Staline
5 vs 5 Forward
Center Left Wing Right Wing Time % Phy DF OF
1 Yan Stastny Chris Dingman Alexandre Daigle 40 1 2 2
2 Nathan Smith Robert Dome Devin Setoguchi 30 1 2 2
3 Tomas Kana Josh Green Cam Janssen 20 1 2 2
4 Eric Hunter Brandon Prust J.T. Wyman 10 1 2 2
5 vs 5 Defense
Defense Defense Time % Phy DF OF
1 Mark Stuart Greg Zanon 40 1 2 2
2 Matt Carle T.J. Fast 30 1 2 2
3 Maxime Fortunus Matt Generous 20 1 2 2
4 Mike Sauer Simon Danis-Pepin 10 1 2 2
PowerPlay Forward
Center Left Wing Right Wing Time % Phy DF OF
1 Yan Stastny Chris Dingman Alexandre Daigle 60 1 2 2
2 Nathan Smith Robert Dome Devin Setoguchi 40 1 2 2
PowerPlay Defense
Defense Defense Time % Phy DF OF
1 Mark Stuart Greg Zanon 60 1 2 2
2 Matt Carle T.J. Fast 40 1 2 2
Penalty Kill 4 Players Forward
Center Wing Time % Phy DF OF
1 Chris Dingman Alexandre Daigle 60 1 2 2
2 Robert Dome Yan Stastny 40 1 2 2
Penalty Kill 4 Players Defense
Defense Defense Time % Phy DF OF
1 Mark Stuart Greg Zanon 60 1 2 2
2 Matt Carle T.J. Fast 40 1 2 2
Penalty Kill - 3 Players Forward
Forward Time % Phy DF OF
1 Chris Dingman 60 1 2 2
2 Alexandre Daigle 40 1 2 2
Penalty Kill - 3 Players Defense
Defense Defense Time % Phy DF OF
1 Mark Stuart Greg Zanon 60 1 2 2
2 Matt Carle T.J. Fast 40 1 2 2
4 vs 4 Forward
Center Wing Time % Phy DF OF
1 Chris Dingman Alexandre Daigle 60 1 2 2
2 Robert Dome Yan Stastny 40 1 2 2
4 vs 4 Defense
Defense Defense Time % Phy DF OF
1 Mark Stuart Greg Zanon 60 1 2 2
2 Matt Carle T.J. Fast 40 1 2 2
Last Minutes Offensive
Center Left Wing Right Wing Defense Defense
Yan Stastny Chris Dingman Alexandre Daigle Mark Stuart Greg Zanon
Last Minutes Defensive
Center Left Wing Right Wing Defense Defense
Yan Stastny Chris Dingman Alexandre Daigle Mark Stuart Greg Zanon
Goaltenders
Starting : Erik Ersberg
Backup : Tobias Stephan
Extra Forwards
Normal : Josh Green, Brandon Prust, Cam Janssen - PP : Josh Green, Brandon Prust - PK : Cam Janssen
Extra Defensemen
Normal : Maxime Fortunus, Matt Generous, Mike Sauer - PP : Maxime Fortunus - PK : Matt Generous, Mike Sauer
Penalty Shots
Chris Dingman, Alexandre Daigle, Robert Dome, Yan Stastny, Josh Green
Tamiflu
5 vs 5 Forward
Center Left Wing Right Wing Time % Phy DF OF
1 Nate Thompson Jani Rita Mike Brown 40 0 1 4
2 Radek Bonk Nick Spaling Petr Pohl 30 0 1 4
3 Greg Mauldin Jan Mursak David Clarkson 20 0 2 3
4 Colin Greening Rich Clune Carson Mcmillan 10 0 3 2
5 vs 5 Defense
Defense Defense Time % Phy DF OF
1 Jonathan Sigalet Pavel Trnka 40 0 2 3
2 Freddy Meyer Jordan Hendry 30 0 2 3
3 Nathan Oystrick Kyle Lawson 20 0 3 2
4 Jonathan Sigalet Pavel Trnka 10 0 2 3
PowerPlay Forward
Center Left Wing Right Wing Time % Phy DF OF
1 Nate Thompson Jani Rita Mike Brown 60 0 1 4
2 Greg Mauldin Nick Spaling Petr Pohl 40 0 1 4
PowerPlay Defense
Defense Defense Time % Phy DF OF
1 Jonathan Sigalet Pavel Trnka 60 0 2 3
2 Freddy Meyer Jordan Hendry 40 0 2 3
Penalty Kill 4 Players Forward
Center Wing Time % Phy DF OF
1 Nate Thompson Jani Rita 60 0 4 1
2 Greg Mauldin Carson Mcmillan 40 0 4 1
Penalty Kill 4 Players Defense
Defense Defense Time % Phy DF OF
1 Freddy Meyer Pavel Trnka 60 0 4 1
2 Jonathan Sigalet Jordan Hendry 40 0 4 1
Penalty Kill - 3 Players Forward
Forward Time % Phy DF OF
1 Nate Thompson 60 0 4 1
2 Greg Mauldin 40 0 4 1
Penalty Kill - 3 Players Defense
Defense Defense Time % Phy DF OF
1 Freddy Meyer Pavel Trnka 60 0 4 1
2 Jonathan Sigalet Jordan Hendry 40 0 4 1
4 vs 4 Forward
Center Wing Time % Phy DF OF
1 Nate Thompson Jani Rita 60 0 2 3
2 Greg Mauldin Petr Pohl 40 0 2 3
4 vs 4 Defense
Defense Defense Time % Phy DF OF
1 Jonathan Sigalet Pavel Trnka 60 0 2 3
2 Freddy Meyer Jordan Hendry 40 0 2 3
Last Minutes Offensive
Center Left Wing Right Wing Defense Defense
Nate Thompson Jani Rita Mike Brown Jonathan Sigalet Pavel Trnka
Last Minutes Defensive
Center Left Wing Right Wing Defense Defense
Nate Thompson Jani Rita Carson Mcmillan Freddy Meyer Pavel Trnka
Goaltenders
Starting : Corey Crawford
Backup : Jussi Markkanen
Extra Forwards
Normal : Greg Mauldin, Colin Greening, David Clarkson - PP : David Clarkson, Greg Mauldin - PK : Carson Mcmillan
Extra Defensemen
Normal : Nathan Oystrick, Kyle Lawson, Pavel Trnka - PP : Nathan Oystrick - PK : Nathan Oystrick, Kyle Lawson
Penalty Shots
Radek Bonk, Jan Mursak, Jani Rita, Greg Mauldin, David Clarkson
% Time on Ice - Staline
Lines # - Real PCT - Wanted PCT - Time Play
Normal Forward
1 - 35% - 40% - 15:21
2 - 27% - 30% - 11:58
3 - 23% - 20% - 9:50
4 - 15% - 10% - 6:32
Normal Defense
1 - 40% - 40% - 17:38
2 - 27% - 30% - 11:47
3 - 24% - 20% - 10:18
4 - 9% - 10% - 3:58
PP Forward
1 - 50% - 60% - 1:05
2 - 50% - 40% - 1:04
PP Defense
1 - 54% - 60% - 1:10
2 - 46% - 40% - 0:59
PK Forward
1 - 75% - 60% - 8:57
2 - 25% - 40% - 2:57
PK Defense
1 - 56% - 60% - 6:42
2 - 44% - 40% - 5:12
PK3 Forward
1 - 84% - 60% - 1:40
2 - 16% - 40% - 0:19
PK3 Defense
1 - 52% - 60% - 1:02
2 - 48% - 40% - 0:57
44 Forward
1 - 68% - 60% - 3:25
2 - 32% - 40% - 1:35
44 Defense
1 - 55% - 60% - 2:45
2 - 45% - 40% - 2:15
Last Minute Offensive - 0:17
Last Minute Defensive - 0:00
Total
Forward - 65:00
Defense - 65:00
|
% Time on Ice - Tamiflu
Lines # - Real PCT - Wanted PCT - Time Play
Normal Forward
1 - 32% - 40% - 13:53
2 - 26% - 30% - 11:22
3 - 22% - 20% - 9:36
4 - 21% - 10% - 9:07
Normal Defense
1 - 39% - 40% - 16:59
2 - 34% - 30% - 15:04
3 - 24% - 20% - 10:38
4 - 3% - 10% - 1:17
PP Forward
1 - 52% - 60% - 6:11
2 - 48% - 40% - 5:43
PP Defense
1 - 59% - 60% - 7:02
2 - 41% - 40% - 4:52
PK Forward
1 - 98% - 60% - 2:06
2 - 2% - 40% - 0:03
PK Defense
1 - 61% - 60% - 1:19
2 - 39% - 40% - 0:50
PK3 Forward
1 - 0% - 60%
2 - 0% - 40%
PK3 Defense
1 - 0% - 60%
2 - 0% - 40%
44 Forward
1 - 78% - 60% - 5:26
2 - 22% - 40% - 1:33
44 Defense
1 - 54% - 60% - 3:46
2 - 46% - 40% - 3:13
Last Minute Offensive - 0:00
Last Minute Defensive - 0:00
Total
Forward - 65:00
Defense - 65:00
|
Play by Play
1st period
0:01 of 1st period - Nate Thompson wins face-off versus Yan Stastny in neutral zone.
0:26 of 1st period - Radek Bonk is hit by Devin Setoguchi and loses puck.
1:33 of 1st period - Nate Thompson is hit by Alexandre Daigle and loses puck.
1:42 of 1st period - Wrist shot by Alexandre Daigle.
1:42 of 1st period - Stopped by Corey Crawford with a rebound.
1:52 of 1st period - Nathan Smith is hit by Petr Pohl.
2:14 of 1st period - Slapshot by Robert Dome.
2:14 of 1st period - Deflect By Cam Janssen.
2:14 of 1st period - Stopped by Corey Crawford with a rebound.
2:16 of 1st period - Slapshot by Mark Stuart.
2:16 of 1st period - Shot Blocked by Nathan Oystrick.
2:18 of 1st period - Snap shot by Greg Zanon.
2:18 of 1st period - Shot Blocked by Nathan Oystrick.
2:20 of 1st period - Snap shot by Greg Zanon.
2:20 of 1st period - Stopped by Corey Crawford with a rebound.
2:22 of 1st period - Wrist shot by Josh Green.
2:22 of 1st period - Stopped by Corey Crawford without a rebound.
2:23 of 1st period - Yan Stastny wins face-off versus Mike Brown in Tamiflu zone.
2:48 of 1st period - Radek Bonk is hit by Cam Janssen and loses puck.
2:59 of 1st period - Off-side.
3:00 of 1st period - Nate Thompson wins face-off versus Nathan Smith in neutral zone.
3:34 of 1st period - Snap shot by Greg Mauldin.
3:34 of 1st period - Shot Misses the Net.
3:55 of 1st period - Snap shot by Petr Pohl.
3:55 of 1st period - Shot Blocked by Matt Generous.
4:29 of 1st period - Slapshot by Nate Thompson.
4:29 of 1st period - Shot Misses the Net.
4:35 of 1st period - Snap shot by Jani Rita.
4:35 of 1st period - Shot Blocked by Maxime Fortunus.
5:16 of 1st period - Off-side.
5:17 of 1st period - Nate Thompson wins face-off versus Nathan Smith in neutral zone.
5:20 of 1st period - Wrist shot by Jani Rita.
5:20 of 1st period - Stopped by Erik Ersberg without a rebound.
5:21 of 1st period - Nate Thompson wins face-off versus Nathan Smith in Staline zone.
6:07 of 1st period - Icing by Pavel Trnka.
6:08 of 1st period - David Clarkson wins face-off versus Tomas Kana in Tamiflu zone.
6:14 of 1st period - Off-side.
6:15 of 1st period - Yan Stastny wins face-off versus Nate Thompson in neutral zone.
6:28 of 1st period - Snap shot by Alexandre Daigle.
6:28 of 1st period - Stopped by Corey Crawford without a rebound.
6:29 of 1st period - Radek Bonk wins face-off versus Yan Stastny in Tamiflu zone.
6:33 of 1st period - Off-side.
6:34 of 1st period - Yan Stastny wins face-off versus Radek Bonk in neutral zone.
6:39 of 1st period - Pavel Trnka is hit by Yan Stastny and loses puck.
7:04 of 1st period - Snap shot by Brandon Prust.
7:04 of 1st period - Shot Blocked by Pavel Trnka.
7:06 of 1st period - Snap shot by Greg Zanon.
7:06 of 1st period - Stopped by Corey Crawford without a rebound.
7:07 of 1st period - Nate Thompson wins face-off versus Brandon Prust in Tamiflu zone.
7:30 of 1st period - Slapshot by T.J. Fast.
7:30 of 1st period - Stopped by Corey Crawford without a rebound.
7:31 of 1st period - Colin Greening wins face-off versus Nathan Smith in Tamiflu zone.
7:58 of 1st period - Yan Stastny is hit by Pavel Trnka and loses puck.
8:11 of 1st period - Snap shot by David Clarkson.
8:11 of 1st period - Stopped by Erik Ersberg with a rebound.
9:45 of 1st period - Pavel Trnka is hit by Josh Green and loses puck.
9:50 of 1st period - Slapshot by Josh Green.
9:50 of 1st period - Shot Blocked by Jonathan Sigalet.
10:48 of 1st period - Alexandre Daigle is hit by Radek Bonk and loses puck.
11:05 of 1st period - Snap shot by Mike Brown.
11:05 of 1st period - Stopped by Erik Ersberg without a rebound.
11:06 of 1st period - Tomas Kana wins face-off versus Nate Thompson in Staline zone.
11:12 of 1st period - Off-side.
11:13 of 1st period - Nate Thompson wins face-off versus Yan Stastny in neutral zone.
11:24 of 1st period - Snap shot by Jani Rita.
11:24 of 1st period - Shot Misses the Net.
11:26 of 1st period - Snap shot by Jordan Hendry.
11:26 of 1st period - Deflect By Jani Rita.
11:26 of 1st period - Shot Misses the Net.
11:26 of 1st period - Puck is out of play.
11:27 of 1st period - Nathan Smith wins face-off versus Nate Thompson in Staline zone.
11:34 of 1st period - Snap shot by Robert Dome.
11:34 of 1st period - Stopped by Corey Crawford with a rebound.
12:40 of 1st period - Slapshot by Nathan Oystrick.
12:40 of 1st period - Stopped by Erik Ersberg with a rebound.
12:42 of 1st period - Wrist shot by Rich Clune.
12:42 of 1st period - Deflect By Carson Mcmillan.
12:42 of 1st period - Shot Blocked by Matt Generous.
12:42 of 1st period - Puck is out of play.
12:43 of 1st period - Eric Hunter wins face-off versus Nate Thompson in Staline zone.
12:58 of 1st period - Snap shot by Nate Thompson.
12:58 of 1st period - Shot Blocked by Mark Stuart.
13:08 of 1st period - Jonathan Sigalet is hit by Alexandre Daigle and loses puck.
13:15 of 1st period - Radek Bonk is hit by Alexandre Daigle and loses puck.
13:40 of 1st period - Snap shot by David Clarkson.
13:40 of 1st period - Shot Misses the Net.
13:52 of 1st period - Snap shot by Josh Green.
13:52 of 1st period - Stopped by Corey Crawford without a rebound.
13:53 of 1st period - Colin Greening wins face-off versus Tomas Kana in Tamiflu zone.
13:53 of 1st period - Colin Greening is hit by Cam Janssen.
14:03 of 1st period - Wrist shot by Jonathan Sigalet.
14:03 of 1st period - Stopped by Erik Ersberg with a rebound.
14:29 of 1st period - Snap shot by Mike Brown.
14:29 of 1st period - Shot Misses the Net.
14:41 of 1st period - Wrist shot by Petr Pohl.
14:41 of 1st period - Stopped by Erik Ersberg with a rebound.
15:10 of 1st period - T.J. Fast is hit by David Clarkson and loses puck.
15:52 of 1st period - Icing by Alexandre Daigle.
15:53 of 1st period - Yan Stastny wins face-off versus Radek Bonk in Staline zone.
16:02 of 1st period - Slapshot by Chris Dingman.
16:02 of 1st period - Stopped by Corey Crawford without a rebound.
16:03 of 1st period - Radek Bonk wins face-off versus Yan Stastny in Tamiflu zone.
16:18 of 1st period - Wrist shot by Radek Bonk.
16:18 of 1st period - Shot Misses the Net.
16:20 of 1st period - Slapshot by Jonathan Sigalet.
16:20 of 1st period - Stopped by Erik Ersberg with a rebound.
16:22 of 1st period - Slapshot by Pavel Trnka.
16:22 of 1st period - Stopped by Erik Ersberg with a rebound.
16:24 of 1st period - Backhand shot by Pavel Trnka.
16:24 of 1st period - Shot Blocked by Mark Stuart.
16:40 of 1st period - Backhand shot by Radek Bonk.
16:40 of 1st period - Shot Misses the Net.
16:44 of 1st period - Snap shot by Radek Bonk.
16:44 of 1st period - Stopped by Erik Ersberg without a rebound.
16:45 of 1st period - Nate Thompson wins face-off versus Nathan Smith in Staline zone.
16:48 of 1st period - Wrist shot by Jani Rita.
16:48 of 1st period - Stopped by Erik Ersberg without a rebound.
16:49 of 1st period - Devin Setoguchi wins face-off versus Nate Thompson in Staline zone.
16:49 of 1st period - Devin Setoguchi is hit by Nate Thompson.
16:50 of 1st period - Minor Penalty to Matt Carle for Hooking.
16:51 of 1st period - Chris Dingman wins face-off versus Nate Thompson in Staline zone.
17:18 of 1st period - Alexandre Daigle is hit by Petr Pohl and loses puck.
18:50 of 1st period - Penalty to Matt Carle is over, Matt Carle is back on ice.
19:03 of 1st period - Wrist shot by Colin Greening.
19:03 of 1st period - Shot Blocked by T.J. Fast.
19:05 of 1st period - Snap shot by Kyle Lawson.
19:05 of 1st period - Shot Misses the Net.
19:07 of 1st period - Snap shot by Colin Greening.
19:07 of 1st period - Stopped by Erik Ersberg with a rebound.
19:09 of 1st period - Slapshot by Nathan Oystrick.
19:09 of 1st period - Stopped by Erik Ersberg without a rebound.
19:10 of 1st period - Tomas Kana wins face-off versus Colin Greening in Staline zone.
19:25 of 1st period - Snap shot by Cam Janssen.
19:25 of 1st period - Stopped by Corey Crawford with a rebound.
19:35 of 1st period - Mark Stuart is hit by Kyle Lawson and loses puck.
19:59 of 1st period - Mike Brown is hit by Chris Dingman and loses puck.
2nd period
0:01 of 2nd period - Nate Thompson wins face-off versus Yan Stastny in neutral zone.
0:08 of 2nd period - Snap shot by Nate Thompson.
0:08 of 2nd period - Stopped by Erik Ersberg with a rebound.
0:10 of 2nd period - Wrist shot by Mike Brown.
0:10 of 2nd period - Shot Hit the Post.
0:11 of 2nd period - Minor Penalty to Mike Brown for Roughing.
0:11 of 2nd period - Minor Penalty to T.J. Fast for High sticking.
0:12 of 2nd period - Chris Dingman wins face-off versus Nate Thompson in Staline zone.
0:51 of 2nd period - Snap shot by Greg Mauldin.
0:51 of 2nd period - Stopped by Erik Ersberg without a rebound.
0:52 of 2nd period - Robert Dome wins face-off versus Greg Mauldin in Staline zone.
0:57 of 2nd period - Robert Dome is hit by Jordan Hendry and loses puck.
1:06 of 2nd period - Matt Carle is hit by Petr Pohl and loses puck.
1:47 of 2nd period - Wrist shot by Greg Mauldin.
1:47 of 2nd period - Deflect By Colin Greening.
1:47 of 2nd period - Shot Blocked by Matt Carle.
1:47 of 2nd period - Puck is out of play.
1:48 of 2nd period - Chris Dingman wins face-off versus Greg Mauldin in Staline zone.
1:59 of 2nd period - Slapshot by Greg Mauldin.
1:59 of 2nd period - Shot Misses the Net.
2:11 of 2nd period - Penalty to Mike Brown is over, Mike Brown is back on ice.
2:11 of 2nd period - Penalty to T.J. Fast is over, T.J. Fast is back on ice.
2:21 of 2nd period - Slapshot by Jani Rita.
2:21 of 2nd period - Shot Misses the Net.
2:23 of 2nd period - Slapshot by Jordan Hendry.
2:23 of 2nd period - Stopped by Erik Ersberg with a rebound.
2:25 of 2nd period - Wrist shot by Jani Rita.
2:25 of 2nd period - Shot Hit the Post.
2:37 of 2nd period - Wrist shot by Nate Thompson.
2:37 of 2nd period - Shot Misses the Net.
2:59 of 2nd period - Snap shot by Jani Rita.
2:59 of 2nd period - Shot Misses the Net.
3:01 of 2nd period - Snap shot by Mike Brown.
3:01 of 2nd period - Stopped by Erik Ersberg without a rebound.
3:02 of 2nd period - Radek Bonk wins face-off versus Nathan Smith in Staline zone.
3:03 of 2nd period - Wrist shot by Nick Spaling.
3:03 of 2nd period - Stopped by Erik Ersberg without a rebound.
3:04 of 2nd period - Nathan Smith wins face-off versus Radek Bonk in Staline zone.
3:15 of 2nd period - Snap shot by Devin Setoguchi.
3:15 of 2nd period - Shot Misses the Net.
3:19 of 2nd period - Snap shot by Robert Dome.
3:19 of 2nd period - Deflect By Devin Setoguchi.
3:19 of 2nd period - Stopped by Corey Crawford without a rebound.
3:20 of 2nd period - Greg Mauldin wins face-off versus Tomas Kana in Tamiflu zone.
3:31 of 2nd period - Matt Carle is hit by Greg Mauldin and loses puck.
3:36 of 2nd period - Wrist shot by David Clarkson.
3:36 of 2nd period - Shot Hit the Post.
3:46 of 2nd period - Wrist shot by Carson Mcmillan.
3:46 of 2nd period - Goal by Carson Mcmillan - Staline : 0 - Tamiflu : 1.
3:47 of 2nd period - Nathan Smith wins face-off versus Mike Brown in neutral zone.
4:17 of 2nd period - Slapshot by Matt Carle.
4:17 of 2nd period - Stopped by Corey Crawford with a rebound.
4:19 of 2nd period - Snap shot by Yan Stastny.
4:19 of 2nd period - Shot Blocked by Jonathan Sigalet.
4:21 of 2nd period - Snap shot by T.J. Fast.
4:21 of 2nd period - Stopped by Corey Crawford with a rebound.
4:23 of 2nd period - Slapshot by Matt Carle.
4:23 of 2nd period - Shot Blocked by Jonathan Sigalet.
4:25 of 2nd period - Slapshot by Matt Carle.
4:25 of 2nd period - Stopped by Corey Crawford without a rebound.
4:26 of 2nd period - Josh Green wins face-off versus Nate Thompson in Tamiflu zone.
5:17 of 2nd period - Wrist shot by Alexandre Daigle.
5:17 of 2nd period - Stopped by Corey Crawford with a rebound.
5:33 of 2nd period - Snap shot by Nathan Oystrick.
5:33 of 2nd period - Stopped by Erik Ersberg without a rebound.
5:34 of 2nd period - Colin Greening wins face-off versus Eric Hunter in Staline zone.
5:39 of 2nd period - Slapshot by Pavel Trnka.
5:39 of 2nd period - Stopped by Erik Ersberg with a rebound.
5:49 of 2nd period - Slapshot by J.T. Wyman.
5:49 of 2nd period - Stopped by Corey Crawford without a rebound.
5:50 of 2nd period - Yan Stastny wins face-off versus Nate Thompson in Tamiflu zone.
5:56 of 2nd period - Minor Penalty to Alexandre Daigle for Tripping.
5:57 of 2nd period - Nate Thompson wins face-off versus Chris Dingman in Staline zone.
6:00 of 2nd period - Backhand shot by Mike Brown.
6:00 of 2nd period - Stopped by Erik Ersberg without a rebound.
6:01 of 2nd period - Nate Thompson wins face-off versus Chris Dingman in Staline zone.
6:26 of 2nd period - Slapshot by Petr Pohl.
6:26 of 2nd period - Shot Misses the Net.
7:56 of 2nd period - Penalty to Alexandre Daigle is over, Alexandre Daigle is back on ice.
8:10 of 2nd period - Icing by Devin Setoguchi.
8:11 of 2nd period - Colin Greening wins face-off versus Cam Janssen in Staline zone.
8:14 of 2nd period - Slapshot by Kyle Lawson.
8:14 of 2nd period - Shot Misses the Net.
8:16 of 2nd period - Slapshot by Colin Greening.
8:16 of 2nd period - Goal by Colin Greening - Staline : 0 - Tamiflu : 2.
8:17 of 2nd period - Nate Thompson wins face-off versus Yan Stastny in neutral zone.
8:30 of 2nd period - Slapshot by Mike Brown.
8:30 of 2nd period - Shot Blocked by Alexandre Daigle.
8:52 of 2nd period - Mark Stuart is hit by Jordan Hendry and loses puck.
9:29 of 2nd period - Slapshot by Nathan Oystrick.
9:29 of 2nd period - Shot Blocked by Matt Carle.
9:34 of 2nd period - Minor Penalty to J.T. Wyman for Holding.
9:35 of 2nd period - Chris Dingman wins face-off versus Jani Rita in Staline zone.
9:35 of 2nd period - Chris Dingman is hit by Pavel Trnka.
9:47 of 2nd period - Wrist shot by Mike Brown.
9:47 of 2nd period - Shot Misses the Net.
9:49 of 2nd period - Slapshot by Jonathan Sigalet.
9:49 of 2nd period - Stopped by Erik Ersberg with a rebound.
9:51 of 2nd period - Snap shot by Jani Rita.
9:51 of 2nd period - Shot Blocked by T.J. Fast.
10:28 of 2nd period - Jani Rita is hit by Robert Dome and loses puck.
11:34 of 2nd period - Penalty to J.T. Wyman is over, J.T. Wyman is back on ice.
11:38 of 2nd period - Wrist shot by Pavel Trnka.
11:38 of 2nd period - Stopped by Erik Ersberg without a rebound.
11:39 of 2nd period - Robert Dome wins face-off versus Colin Greening in Staline zone.
11:46 of 2nd period - Wrist shot by Colin Greening.
11:46 of 2nd period - Goal by Colin Greening - Staline : 0 - Tamiflu : 3.
11:47 of 2nd period - Nate Thompson wins face-off versus Yan Stastny in neutral zone.
12:12 of 2nd period - Robert Dome is hit by Radek Bonk and loses puck.
13:02 of 2nd period - Wrist shot by Colin Greening.
13:02 of 2nd period - Shot Misses the Net.
13:04 of 2nd period - Slapshot by Kyle Lawson.
13:04 of 2nd period - Shot Blocked by Maxime Fortunus.
13:22 of 2nd period - Wrist shot by Jani Rita.
13:22 of 2nd period - Shot Misses the Net.
13:44 of 2nd period - Snap shot by Nick Spaling.
13:44 of 2nd period - Stopped by Erik Ersberg with a rebound.
13:46 of 2nd period - Wrist shot by Petr Pohl.
13:46 of 2nd period - Shot Hit the Post.
13:48 of 2nd period - Wrist shot by Nick Spaling.
13:48 of 2nd period - Stopped by Erik Ersberg with a rebound.
13:50 of 2nd period - Snap shot by Petr Pohl.
13:50 of 2nd period - Shot Blocked by Matt Carle.
13:52 of 2nd period - Snap shot by Radek Bonk.
13:52 of 2nd period - Deflect By Petr Pohl.
13:52 of 2nd period - Shot Blocked by T.J. Fast.
13:52 of 2nd period - Puck is out of play.
13:53 of 2nd period - Yan Stastny wins face-off versus Greg Mauldin in Staline zone.
13:53 of 2nd period - Yan Stastny is hit by Pavel Trnka.
14:46 of 2nd period - Wrist shot by Radek Bonk.
14:46 of 2nd period - Stopped by Erik Ersberg without a rebound.
14:47 of 2nd period - Yan Stastny wins face-off versus Radek Bonk in Staline zone.
15:17 of 2nd period - Slapshot by Robert Dome.
15:17 of 2nd period - Shot Blocked by Jordan Hendry.
15:47 of 2nd period - Wrist shot by Josh Green.
15:47 of 2nd period - Stopped by Corey Crawford with a rebound.
16:21 of 2nd period - Greg Zanon is hit by Jani Rita and loses puck.
16:45 of 2nd period - Greg Zanon is hit by Pavel Trnka and loses puck.
17:01 of 2nd period - Off-side.
17:02 of 2nd period - Colin Greening wins face-off versus Nathan Smith in neutral zone.
17:24 of 2nd period - Icing by Matt Carle.
17:25 of 2nd period - Yan Stastny wins face-off versus Nate Thompson in Staline zone.
17:25 of 2nd period - Yan Stastny is hit by Jani Rita.
17:35 of 2nd period - Snap shot by Jani Rita.
17:35 of 2nd period - Goal by Jani Rita - Staline : 0 - Tamiflu : 4.
17:36 of 2nd period - Yan Stastny wins face-off versus Nate Thompson in neutral zone.
17:36 of 2nd period - Greg Zanon is hit by Jani Rita and loses puck.
18:50 of 2nd period - Minor Penalty to J.T. Wyman for Tripping.
18:51 of 2nd period - Greg Mauldin wins face-off versus Chris Dingman in Staline zone.
18:52 of 2nd period - Snap shot by Petr Pohl.
18:52 of 2nd period - Shot Blocked by Greg Zanon.
19:16 of 2nd period - Greg Zanon is hit by Nate Thompson and loses puck.
3rd period
0:01 of 3rd period - Nate Thompson wins face-off versus Alexandre Daigle in neutral zone.
0:03 of 3rd period - Off-side.
0:04 of 3rd period - Jani Rita wins face-off versus Chris Dingman in neutral zone.
0:50 of 3rd period - Penalty to J.T. Wyman is over, J.T. Wyman is back on ice.
1:12 of 3rd period - Snap shot by Chris Dingman.
1:12 of 3rd period - Shot Blocked by Jordan Hendry.
1:16 of 3rd period - Wrist shot by Alexandre Daigle.
1:16 of 3rd period - Stopped by Corey Crawford without a rebound.
1:17 of 3rd period - Nathan Smith wins face-off versus Nate Thompson in Tamiflu zone.
1:28 of 3rd period - Wrist shot by Jani Rita.
1:28 of 3rd period - Stopped by Erik Ersberg without a rebound.
1:29 of 3rd period - Robert Dome wins face-off versus Nate Thompson in Staline zone.
3:06 of 3rd period - Snap shot by Radek Bonk.
3:06 of 3rd period - Stopped by Erik Ersberg without a rebound.
3:07 of 3rd period - Nathan Smith wins face-off versus Radek Bonk in Staline zone.
3:20 of 3rd period - Wrist shot by Robert Dome.
3:20 of 3rd period - Stopped by Corey Crawford with a rebound.
3:40 of 3rd period - Wrist shot by Matt Carle.
3:40 of 3rd period - Stopped by Corey Crawford with a rebound.
4:18 of 3rd period - Slapshot by Pavel Trnka.
4:18 of 3rd period - Stopped by Erik Ersberg with a rebound.
4:20 of 3rd period - Snap shot by Rich Clune.
4:20 of 3rd period - Stopped by Erik Ersberg without a rebound.
4:21 of 3rd period - Nathan Smith wins face-off versus Colin Greening in Staline zone.
5:56 of 3rd period - Chris Dingman is hit by Rich Clune and loses puck.
6:01 of 3rd period - Slapshot by Carson Mcmillan.
6:01 of 3rd period - Stopped by Erik Ersberg without a rebound.
6:02 of 3rd period - Robert Dome wins face-off versus Nate Thompson in Staline zone.
6:09 of 3rd period - Slapshot by Mark Stuart.
6:09 of 3rd period - Stopped by Corey Crawford with a rebound.
6:11 of 3rd period - Snap shot by Robert Dome.
6:11 of 3rd period - Shot Misses the Net.
6:13 of 3rd period - Wrist shot by Nathan Smith.
6:13 of 3rd period - Shot Misses the Net.
6:14 of 3rd period - Minor Penalty to Jani Rita for Hooking.
6:15 of 3rd period - Nathan Smith wins face-off versus Nate Thompson in Tamiflu zone.
6:20 of 3rd period - Wrist shot by Devin Setoguchi.
6:20 of 3rd period - Shot Misses the Net.
6:22 of 3rd period - Slapshot by Robert Dome.
6:22 of 3rd period - Shot Misses the Net.
6:24 of 3rd period - Wrist shot by Robert Dome.
6:24 of 3rd period - Goal by Robert Dome - Staline : 1 - Tamiflu : 4.
6:25 of 3rd period - Yan Stastny wins face-off versus Nate Thompson in neutral zone.
6:25 of 3rd period - Yan Stastny is hit by Jani Rita.
6:31 of 3rd period - Slapshot by Alexandre Daigle.
6:31 of 3rd period - Shot Blocked by Pavel Trnka.
6:34 of 3rd period - Minor Penalty to Chris Dingman for Boarding.
6:35 of 3rd period - Cam Janssen wins face-off versus Nate Thompson in Staline zone.
6:35 of 3rd period - Cam Janssen is hit by Jonathan Sigalet.
6:51 of 3rd period - Slapshot by Jani Rita.
6:51 of 3rd period - Shot Misses the Net.
7:05 of 3rd period - Nathan Smith is hit by Nick Spaling and loses puck.
8:34 of 3rd period - Penalty to Chris Dingman is over, Chris Dingman is back on ice.
8:39 of 3rd period - Maxime Fortunus is hit by Carson Mcmillan and loses puck.
8:53 of 3rd period - Icing by Nathan Oystrick.
8:54 of 3rd period - Yan Stastny wins face-off versus Colin Greening in Tamiflu zone.
9:17 of 3rd period - Nathan Oystrick is hit by Josh Green and loses puck.
10:14 of 3rd period - Maxime Fortunus is hit by Jani Rita and loses puck.
10:35 of 3rd period - Wrist shot by Jordan Hendry.
10:35 of 3rd period - Stopped by Erik Ersberg with a rebound.
10:41 of 3rd period - Wrist shot by Alexandre Daigle.
10:41 of 3rd period - Stopped by Corey Crawford without a rebound.
10:42 of 3rd period - Greg Mauldin wins face-off versus Nathan Smith in Tamiflu zone.
11:05 of 3rd period - Jani Rita is hit by Mark Stuart and loses puck.
11:29 of 3rd period - Icing by Freddy Meyer.
11:30 of 3rd period - Radek Bonk wins face-off versus Eric Hunter in Tamiflu zone.
11:30 of 3rd period - Radek Bonk is hit by Brandon Prust.
11:42 of 3rd period - Slapshot by Mark Stuart.
11:42 of 3rd period - Stopped by Corey Crawford with a rebound.
11:49 of 3rd period - Minor Penalty to Eric Hunter for Interference.
11:50 of 3rd period - Chris Dingman wins face-off versus Nate Thompson in Staline zone.
13:10 of 3rd period - Jordan Hendry is hit by Yan Stastny.
13:32 of 3rd period - Nate Thompson is hit by Brandon Prust and loses puck.
13:49 of 3rd period - Penalty to Eric Hunter is over, Eric Hunter is back on ice.
13:53 of 3rd period - Chris Dingman is hit by Petr Pohl and loses puck.
14:13 of 3rd period - Snap shot by Chris Dingman.
14:13 of 3rd period - Goal by Chris Dingman - Staline : 2 - Tamiflu : 4.
14:14 of 3rd period - Colin Greening wins face-off versus Nathan Smith in neutral zone.
14:26 of 3rd period - Snap shot by Robert Dome.
14:26 of 3rd period - Goal by Robert Dome - Staline : 3 - Tamiflu : 4.
14:27 of 3rd period - Yan Stastny wins face-off versus Nate Thompson in neutral zone.
14:36 of 3rd period - Wrist shot by Alexandre Daigle.
14:36 of 3rd period - Shot Misses the Net.
14:52 of 3rd period - Robert Dome is hit by David Clarkson and loses puck.
15:00 of 3rd period - Matt Carle is hit by Jonathan Sigalet and loses puck.
15:03 of 3rd period - Slapshot by Matt Carle.
15:03 of 3rd period - Stopped by Corey Crawford with a rebound.
15:19 of 3rd period - Jordan Hendry is hit by Cam Janssen and loses puck.
15:38 of 3rd period - Slapshot by Brandon Prust.
15:38 of 3rd period - Stopped by Corey Crawford without a rebound.
15:39 of 3rd period - Nate Thompson wins face-off versus Eric Hunter in Tamiflu zone.
15:49 of 3rd period - Minor Penalty to Freddy Meyer for Roughing.
15:50 of 3rd period - Yan Stastny wins face-off versus Nate Thompson in Tamiflu zone.
15:59 of 3rd period - Slapshot by Yan Stastny.
15:59 of 3rd period - Shot Misses the Net.
16:03 of 3rd period - Snap shot by Chris Dingman.
16:03 of 3rd period - Stopped by Corey Crawford with a rebound.
16:05 of 3rd period - Snap shot by Alexandre Daigle.
16:05 of 3rd period - Shot Misses the Net.
17:49 of 3rd period - Penalty to Freddy Meyer is over, Freddy Meyer is back on ice.
17:53 of 3rd period - Josh Green is hit by Freddy Meyer and loses puck.
18:24 of 3rd period - Slapshot by Radek Bonk.
18:24 of 3rd period - Shot Misses the Net.
18:26 of 3rd period - Slapshot by Petr Pohl.
18:26 of 3rd period - Shot Misses the Net.
18:28 of 3rd period - Snap shot by Petr Pohl.
18:28 of 3rd period - Stopped by Erik Ersberg with a rebound.
18:37 of 3rd period - Off-side.
18:38 of 3rd period - Greg Mauldin wins face-off versus Nathan Smith in neutral zone.
18:59 of 3rd period - Wrist shot by Alexandre Daigle.
18:59 of 3rd period - Shot Misses the Net.
19:01 of 3rd period - Staline, Erik Ersberg is pulled from the net.
19:01 of 3rd period - Snap shot by Greg Zanon.
19:01 of 3rd period - Stopped by Corey Crawford with a rebound.
19:03 of 3rd period - Snap shot by Yan Stastny.
19:03 of 3rd period - Shot Blocked by Greg Mauldin.
19:05 of 3rd period - Snap shot by Alexandre Daigle.
19:05 of 3rd period - Goal by Alexandre Daigle - Staline : 4 - Tamiflu : 4.
19:05 of 3rd period - Erik Ersberg from Staline was sent back in the game.
19:06 of 3rd period - Tomas Kana wins face-off versus Greg Mauldin in neutral zone.
19:25 of 3rd period - Tomas Kana is hit by Jonathan Sigalet and loses puck.
19:40 of 3rd period - Wrist shot by Mark Stuart.
19:40 of 3rd period - Stopped by Corey Crawford with a rebound.
Overtime #1
0:01 of 1st overtime period - Chris Dingman wins face-off versus Nate Thompson in neutral zone.
0:04 of 1st overtime period - Wrist shot by Chris Dingman.
0:04 of 1st overtime period - Stopped by Corey Crawford with a rebound.
0:48 of 1st overtime period - Snap shot by Petr Pohl.
0:48 of 1st overtime period - Shot Misses the Net.
0:54 of 1st overtime period - Slapshot by Mark Stuart.
0:54 of 1st overtime period - Shot Misses the Net.
0:56 of 1st overtime period - Slapshot by Greg Zanon.
0:56 of 1st overtime period - Stopped by Corey Crawford without a rebound.
0:57 of 1st overtime period - Nate Thompson wins face-off versus Robert Dome in Tamiflu zone.
0:57 of 1st overtime period - Nate Thompson is hit by T.J. Fast.
1:50 of 1st overtime period - Slapshot by Freddy Meyer.
1:50 of 1st overtime period - Deflect By Greg Zanon.
1:50 of 1st overtime period - Stopped by Erik Ersberg with a rebound.
2:00 of 1st overtime period - Wrist shot by Robert Dome.
2:00 of 1st overtime period - Shot Misses the Net.
2:23 of 1st overtime period - Minor Penalty to Cam Janssen for Holding.
2:24 of 1st overtime period - Chris Dingman wins face-off versus Nate Thompson in Staline zone.
4:16 of 1st overtime period - Matt Generous is hit by David Clarkson.
4:23 of 1st overtime period - Penalty to Cam Janssen is over, Cam Janssen is back on ice.
4:44 of 1st overtime period - Jonathan Sigalet is hit by Alexandre Daigle and loses puck.
ShootOut
5:00 of 1st overtime period - Penalty Shot by Chris Dingman for Staline.
5:00 of 1st overtime period - Deke by Chris Dingman.
5:00 of 1st overtime period - Shot Misses the Net.
5:00 of 1st overtime period - Penalty Shot by Radek Bonk for Tamiflu.
5:00 of 1st overtime period - Snap shot by Radek Bonk.
5:00 of 1st overtime period - Stopped by Erik Ersberg.
5:00 of 1st overtime period - Penalty Shot by Alexandre Daigle for Staline.
5:00 of 1st overtime period - Backhand shot by Alexandre Daigle.
5:00 of 1st overtime period - Goal by Alexandre Daigle.
5:00 of 1st overtime period - Penalty Shot by Jan Mursak for Tamiflu.
5:00 of 1st overtime period - Snap shot by Jan Mursak.
5:00 of 1st overtime period - Stopped by Erik Ersberg.
5:00 of 1st overtime period - Penalty Shot by Robert Dome for Staline.
5:00 of 1st overtime period - Wrist shot by Robert Dome.
5:00 of 1st overtime period - Stopped by Corey Crawford.
5:00 of 1st overtime period - Penalty Shot by Jani Rita for Tamiflu.
5:00 of 1st overtime period - Wrist shot by Jani Rita.
5:00 of 1st overtime period - Stopped by Erik Ersberg.
Output by the SimonT Hockey Simulator (STHS) for François Prévost -- Original Page W3C XHTML 1.0 Valid